 Dungeon Crawl Stone Soup version 0.29-a0-1016-g236c7fd91e (webtiles) character file.

Game seed: 17332696340900606726

5065 IdlyInterested the Cleaver (level 10, -4/78 HPs)
             Began as a Minotaur Gladiator on Aug 9, 2022.
             Was a Follower of Ashenzari.
             Slain by a hell hound (9 damage)
             ... on level 2 of the Abyss.
             The game lasted 00:27:25 (8832 turns).

IdlyInterested the Cleaver (Minotaur Gladiator)     Turns: 8832, Time: 00:27:26

Health: -4/78      AC:  9    Str: 31    XL:     10   Next: 31%
Magic:  11/11      EV: 16    Int:  5    God:    Ashenzari [*.....]
Gold:   783        SH:  9    Dex: 16    Spells: 9/9 levels left

rFire   . . .      SeeInvis .   a - +2 broad axe (flame)
rCold   + . .      Faith    .   C - +0 kite shield
rNeg    . . .      Spirit   .   E - +2 leather armour {rC+}
rPois   .          Reflect  .   c - +0 hat
rElec   .          Harm     .   k - +0 cloak
rCorr   .          Rampage  .   z - +0 pair of gloves "Autotheism of Ashenzari" {Melee, Comp} (curse)
Will    .....                   S - +0 pair of boots
Stlth   ++........              l - amulet of regeneration
HPRegen 1.03/turn               f - ring of the All-seeing Planets {Str+6, Melee, Fort} (curse)
MPRegen 0.12/turn               Y - +6 ring of strength

@: no status effects
A: horns 2, retaliatory headbutt, hooves 1, high MP 1
a: Renounce Religion, Shatter the Chains


You were on level 2 of the Abyss.
You worshipped Ashenzari.
Ashenzari was aware of your devotion.
You visited 3 branches of the dungeon, and saw 10 of its levels.
You visited the Abyss 1 time.
You also visited: Sewer and Ossuary.

You collected 783 gold pieces.

Inventory:

Hand Weapons
 a - a +2 broad axe of flaming (weapon)
 D - a +0 hand axe of venom
Missiles
 d - 3 throwing nets
 e - 7 javelins
 n - a curare-tipped dart
 w - 19 poisoned darts (quivered)
 N - 6 boomerangs
Armour
 b - a +2 pair of gloves
 c - a +0 hat (worn)
 k - a +0 cloak (worn)
 z - the cursed +0 pair of gloves "Autotheism of Ashenzari" (worn) {Melee, Comp}
   (You found it on level 2 of the Dungeon)

   It has a curse which improves the following skills: Melee Combat: Short
   Blades, Long Blades, Axes, Maces & Flails, Polearms, Staves and Unarmed
   Combat.
   Companions: Summonings and Necromancy.
 C - a +0 kite shield (worn)
 E - a +2 leather armour of cold resistance (worn)
 S - a +0 pair of boots (worn)
Jewellery
 f - the cursed ring of the All-seeing Planets (left hand) {Str+6, Melee, Fort}
   (You found it on level 1 of the Dungeon)

   [ring of strength]

   Str:       It affects your strength (+6).
   It has a curse which improves the following skills: Melee Combat: Short
   Blades, Long Blades, Axes, Maces & Flails, Polearms, Staves and Unarmed
   Combat.
   Fortitude: Armour and Shields.
 g - a ring of fire
 l - an amulet of regeneration (around neck)
 v - a ring of see invisible
 K - a +6 ring of dexterity
 M - a ring of protection from fire
 R - a ring of see invisible
 Y - a +6 ring of strength (right hand)
Wands
 Q - a wand of digging (6)
Scrolls
 j - 4 scrolls of teleportation
 p - a scroll of fear
 q - 5 scrolls of fog
 r - a scroll of silence
 t - 2 scrolls of magic mapping
 A - a scroll of enchant armour
 H - a scroll of summoning
 L - 2 scrolls of blinking
Potions
 h - 4 potions of haste
 i - 2 potions of heal wounds
 o - 4 potions of might
 s - a potion of mutation
 B - a potion of cancellation
 F - 3 potions of brilliance
 G - a potion of magic
 I - a potion of invisibility
 P - 2 potions of curing
 T - a potion of berserk rage
 U - a potion of flight
 W - a potion of ambrosia


   Skills:
 - Level 4.0 Fighting
 * Level 12.0(13.3) Axes
 - Level 2.0 Throwing
 - Level 4.0(4.7) Armour
 * Level 11.2 Dodging
 - Level 2.0 Stealth
 + Level 3.1(3.8) Shields
 - Level 2.0 Invocations
 - Level 2.0 Evocations


You had 9 spell levels left.
You didn't know any spells.
Your spell library contained the following spells:

 Spells                   Type           Power      Damage    Failure   Level
 Necrotise                Necr           0%         1d4       86%         1
 Summon Small Mammal      Summ           0%         N/A       86%         1
 Apportation              Tloc           0%         N/A       87%         1
 Foxfire                  Conj/Fire      0%         2x1d4     87%         1
 Blink                    Tloc           0%         N/A       95%         2
 Sublimation of Blood     Necr           0%         N/A       95%         2
 Wereblood                Tmut           0%         N/A       95%         2
 Conjure Flame            Conj/Fire      0%         6-21      99%         3
 Inner Flame              Hex/Fire       0%         N/A       99%         3
 Lesser Beckoning         Tloc           0%         N/A       99%         3
 Summon Guardian Golem    Hex/Summ       0%         N/A       99%         3
 Flame Wave               Conj/Fire      0%         2d4       100%        4
 Manifold Assault         Tloc           0%         N/A       100%        5
 Dispersal                Tloc           0%         N/A       100%        6
 Orb of Destruction       Conj           0%         9d5       100%        7
 Spellforged Servitor     Conj/Summ      0%         N/A       100%        7
 Summon Hydra             Summ           0%         N/A       100%        7
 Disjunction              Tloc           0%         N/A       100%        8
 Chain Lightning          Conj/Air       0%         N/A       100%        9
 Fire Storm               Conj/Fire      0%         5d1       100%        9
 Shatter                  Erth           0%         3d5*      100%        9


Dungeon Overview and Level Annotations

Branches:
Dungeon (8/15)             Temple (1/1) D:6            Lair (1/5) D:8
  Sewer (visited)         Ossuary (visited)

Altars:
Ashenzari
Dithmenos
Elyvilon
Fedhas
Gozag
Hepliaklqana
Kikubaaqudgha
Makhleb
Nemelex Xobeh
Okawaru
Qazlal
Ru
Sif Muna
Trog
Uskayaw
Vehumet
Wu Jian
Xom
Yredelemnul
Zin
The Shining One

Shops:
D:6 (

Annotations:
Lair:1 Sonja


Innate Abilities, Weirdness & Mutations

You have a pair of horns on your head.
You reflexively headbutt those who attack you in melee.
You have large cloven feet.
You have an increased reservoir of magic. (+10% MP)


Message History

Sonja hits you with a +1 short sword of distortion.
* * * LOW HITPOINT WARNING * * *
You block Sonja's attack. Sonja barely misses you.
You miss Sonja. Your headbutt misses Sonja.
Sonja is lightly wounded.
Sonja barely misses you. You furiously retaliate!
You headbutt Sonja! Sonja misses you. Sonja completely misses you.
You block Sonja's attack. Sonja hits you but does no damage.
Sonja closely misses you.
You barely miss Sonja.
Sonja is heavily wounded.
Sonja closely misses you.
Sonja hits you with a +1 short sword of distortion!
* * * LOW HITPOINT WARNING * * *
You block Sonja's attack.
You feel much better. Sonja closely misses you. You block Sonja's attack. x3
Sonja hits you with a +1 short sword of distortion.
You are cast into the Abyss!
To return, you must find a gate leading back.
Killing monsters will force the Abyss to allow you passage.
This branch contains the abyssal rune of Zot.
Found a corrupted altar of Lugonu. 4 hell hounds come into view.
The hell hound barks! x3
The hell hound breathes flames at you. The blast of flame hits you!!
* * * LOW HITPOINT WARNING * * *
The hell hound breathes flames at you.
The blast of flame hits the hell hound.
The hell hound completely resists.
The blast of flame hits you!
* * * LOW HITPOINT WARNING * * *
The hell hound barks!
Unknown command.
The hell hound attacks as you move away!
The hell hound bites you but does no damage.
The hell hound closely misses you. The hell hound breathes flames at you.
The blast of flame hits you!
* * * LOW HITPOINT WARNING * * *
The hell hound bites you!
You die...

.# #. .. .# .. #.
#.##. .# .##...####.#
. #.......... ...
..........#### #..#
#............#....#
.........hh@.....#
#......ยงยง.#####.#...
.......*##.# ....#..#
## #.##.##h## #
#.....h.. .#
...........# .... ...
..# .... ......#


You could see a wretched star and 2 hell hounds.

Vanquished Creatures
  Pikel (D:5)
  3 blink frogs (Lair:1)
  A steam dragon (D:4)
  2 water moccasins
  5 orc warriors
  2 black bears
  An ice beast (D:5)
  4 ogres
  4 centaurs
  A lemure (D:5)
  2 kobold brigands (Sewer)
  5 bullfrogs
  An elf zombie (Ossuary)
  3 necrophages
  4 scorpions
  A gnoll sergeant (D:7)
  4 wights (D:7)
  3 killer bees (D:8)
  4 howler monkeys
  A hound (D:6)
  A jelly (D:6)
  A gnoll bouda (D:8)
  2 orc priests (D:3)
  2 human zombies (Ossuary)
  9 orc wizards
  2 iguanas
  2 mummies (Ossuary)
  5 adders
  8 gnolls
  2 shadow imps
  2 white imps (D:5)
  An ufetubus (D:6)
  6 dart slugs
  38 orcs
  4 bats
  10 endoplasms
  6 giant cockroaches
  6 goblins
  7 hobgoblins
  8 jackals
  3 quokkas
  12 ball pythons
  3 frilled lizards
  4 gnoll zombies (Ossuary)
  3 goblin zombies (Ossuary)
  A hobgoblin zombie (Ossuary)
  22 kobolds
  3 orc zombies (Ossuary)
  8 rats
233 creatures vanquished.

Vanquished Creatures (others)
  23 fungi
  17 plants
40 creatures vanquished.

Grand Total: 273 creatures vanquished

Notes
Turn   | Place    | Note
-------+----------+-------------------------------------------
     0 | D:1      | IdlyInterested the Minotaur Gladiator began the quest for
                  | the Orb.
     0 | D:1      | Reached XP level 1. HP: 18/18 MP: 0/0
   200 | D:1      | Reached XP level 2. HP: 21/25 MP: 1/1
   265 | D:1      | Reached skill level 4 in Axes
  1347 | D:2      | Reached XP level 3. HP: 30/30 MP: 2/2
  1659 | D:2      | Found a faded altar of an unknown god.
  1660 | D:2      | Noticed a golden eye
  1663 | D:2      | Noticed a golden eye
  1663 | D:2      | Noticed a golden eye
  1663 | D:2      | Noticed a great orb of eyes
  1993 | D:2      | Reached XP level 4. HP: 38/38 MP: 3/3
  2183 | D:3      | Reached skill level 5 in Axes
  2276 | D:3      | Reached XP level 5. HP: 44/45 MP: 4/4
  2295 | D:3      | Reached skill level 5 in Dodging
  2302 | D:3      | Found a shimmering altar of Xom.
  2347 | D:3      | Found a glowing silver altar of Zin.
  2546 | D:3      | Found a glowing drain.
  2568 | Sewer    | Entered a sewer
  2721 | Sewer    | Reached skill level 6 in Axes
  2721 | Sewer    | Reached XP level 6. HP: 48/52 MP: 5/5
  2800 | Sewer    | Reached skill level 1 in Armour
  3366 | D:4      | Noticed a steam dragon
  3377 | D:4      | Killed a steam dragon
  3378 | D:4      | Reached XP level 7. HP: 26/59 MP: 6/6
  3993 | D:4      | Reached skill level 7 in Axes
  4425 | D:5      | Entered Level 5 of the Dungeon
  4448 | D:5      | Noticed Pikel
  4469 | D:5      | Killed Pikel
  4470 | D:5      | Reached skill level 8 in Axes
  4470 | D:5      | Reached XP level 8. HP: 53/66 MP: 7/7
  4631 | D:5      | Found a sand-covered staircase.
  4638 | Ossuary  | Entered an ossuary
  5024 | D:5      | Reached skill level 1 in Stealth
  5212 | D:6      | Reached skill level 9 in Axes
  5412 | D:6      | Found a staircase to the Ecumenical Temple.
  5444 | Temple   | Entered the Ecumenical Temple
  5686 | D:6      | Found Kynokogg's Weapon Shop.
  5778 | D:6      | Found a sparkling altar of Nemelex Xobeh.
  5845 | D:6      | Reached XP level 9. HP: 71/71 MP: 8/8
  5913 | D:6      | Found a broken altar of Ashenzari.
  5916 | D:6      | Became a worshipper of Ashenzari the Shackled
  5932 | D:6      | Found a burning altar of Makhleb.
  6243 | D:7      | Reached skill level 1 in Evocations
  6477 | D:7      | Reached skill level 10 in Axes
  6890 | D:7      | Found a white marble altar of Elyvilon.
  6957 | D:7      | Reached skill level 1 in Invocations
  7318 | D:7      | Reached skill level 10 in Dodging
  7711 | D:8      | Reached skill level 11 in Axes
  7799 | D:8      | Reached skill level 1 in Shields
  7814 | D:8      | Reached XP level 10. HP: 74/78 MP: 10/10
  7869 | D:8      | Found a staircase to the Lair.
  8067 | D:8      | Found an ornate altar of the Wu Jian Council.
  8323 | D:8      | Reached * piety under Ashenzari
  8333 | D:8      | Gained mutation: You occasionally shout uncontrollably at
                  | your foes. [potion of mutation]
  8333 | D:8      | Gained mutation: You have sharp toenails. [potion of
                  | mutation]
  8335 | D:8      | Lost mutation: You occasionally shout uncontrollably at
                  | your foes. [potion of mutation]
  8335 | D:8      | Lost mutation: You have sharp toenails. [potion of
                  | mutation]
  8335 | D:8      | Gained mutation: You have large cloven feet. [potion of
                  | mutation]
  8335 | D:8      | Gained mutation: You passively dampen the noise of your
                  | surroundings. [potion of mutation]
  8335 | D:8      | Gained mutation: Your mind is acute. (Int +4, Str/Dex -1)
                  | [potion of mutation]
  8336 | D:8      | Lost mutation: You passively dampen the noise of your
                  | surroundings. [potion of mutation]
  8336 | D:8      | Lost mutation: Your mind is acute. (Int +4, Str/Dex -1)
                  | [potion of mutation]
  8336 | D:8      | Gained mutation: You have an increased reservoir of magic.
                  | (+10% MP) [potion of mutation]
  8514 | Lair:1   | Entered Level 1 of the Lair of Beasts
  8650 | Lair:1   | Reached skill level 12 in Axes
  8800 | Lair:1   | Noticed Sonja
  8812 | Lair:1   | HP: 3/78 [Sonja/+1 short sword of distortion (7)]
  8813 | Abyss:2  | Found a corrupted altar of Lugonu.
  8813 | Abyss:2  | Cast into level 2 of the Abyss (Sonja)
  8832 | Abyss:2  | Noticed a wretched star
  8832 | Abyss:2  | Slain by a hell hound

Illustrated notes

Levels and vault maps discovered:
D:1:      dpeg_arrival_concentric_ovals, layout_basic, minmay_distorted
D:2:      layout_loops_corners, hellmonk_ecumenical_altar_watching_god
D:3:      layout_loops_cross, zin_academy, mainiacjoe_overflow_tiny_flanked,
          portal_sewer_entry_c
D:4:      layout_loops_corners
D:5:      layout_loops_ring, nicolae_ossuary_entry_monument,
          serial_bayou_crossing, uniq_pikel
D:6:      layout_basic, ashenzari_conservatory_becter, lemuel_crystal_altar,
          nemelex_diamond_rough_becter, temple_doors_e, serial_shops,
          nicolae_lakefront_shop
D:7:      layout_loops_ring, mainiacjoe_overflow_boulevard
D:8:      layout_basic, amcnicky_altar_gilded, grunt_lair_entry_orc_guard_hut,
          grunt_ministairs_9, kennysheep_generic_room_6
Temple:   compressed_dpeg_circular_temple
Lair:1:   layout_roguey, grunt_megastairs_3, lemuel_fruit_tree, uniq_sonja
Abyss:2:  base:
D:1

Skill      XL: |  1  2  3  4  5  6  7  8  9 10 |
---------------+-------------------------------+-----
Axes           | 4 5 6 8 9 11 12 | 12.0
Fighting       | 3 4 |  4.0
Dodging        | 4 5 6 7 8 10 11 | 11.2
Armour         | 2 3 4 |  4.0
Stealth        | 2 |  2.0
Evocations     | 2 |  2.0
Invocations    | 2 |  2.0
Shields        | 1 3 |  3.1
Throwing       | |  2.0

Action                   |  1- 3 |  4- 6 |  7- 9 | 10-12 || total
-------------------------+-------+-------+-------+-------++-------
Melee: War axe           |    80 |    57 |    28 |       ||   165
       Headbutt          |    10 |    16 |    54 |    10 ||    90
       Hand axe          |       |    58 |   218 |       ||   276
       Punch             |       |     1 |     5 |       ||     6
       Broad axe         |       |       |    21 |    52 ||    73
Throw: Boomerang         |       |       |     1 |       ||     1
       Dart              |       |       |    22 |     5 ||    27
Invok: Curse Item        |       |       |     1 |     1 ||     2
  Use: Potion            |       |       |     1 |     4 ||     5
       Scroll            |       |       |       |     4 ||     4
 Stab: Sleeping          |       |       |     5 |     1 ||     6
       Invisible         |       |       |     4 |       ||     4
Armor: Leather armour    |     8 |    11 |    45 |    11 ||    75
       Scale mail        |    21 |    34 |       |       ||    55
       Chain mail        |       |    16 |       |       ||    16
Dodge: Dodged            |    62 |    82 |   191 |    45 ||   380
Block: Kite shield       |       |       |    12 |    36 ||    48

Table legend: (Time is in decaauts)
 A = Elapsed time spent in this place.
 B = Non-inter-level travel time spent in this place.
 C = Inter-level travel time spent in this place.
 D = Time resting spent in this place.
 E = Time spent auto-exploring this place.
 F = Levels seen in this place.
 G = Mean time per level.
                   A        B        C        D        E       F      G
               +--------+--------+--------+--------+--------+-----+--------+
         Total |   8880 |   8287 |    593 |    428 |   5711 |  13 |  683.1 |
       Dungeon |   8002 |   7417 |    585 |    428 |   5150 |   8 | 1000.2 |
        Temple |     84 |     76 |      8 |      0 |     64 |   1 |   84.0 |
          Lair |    301 |    301 |      0 |      0 |    242 |   1 |  301.0 |
         Abyss |     18 |     18 |      0 |      0 |      8 |   1 |   18.0 |
         Sewer |    348 |    348 |      0 |      0 |    187 |   1 |  348.0 |
       Ossuary |    125 |    125 |      0 |      0 |     60 |   1 |  125.0 |
               +--------+--------+--------+--------+--------+-----+--------+

Top non-repeatable levels by time:
     D:7: 1324 daAuts
     D:1: 1307 daAuts
     D:4: 1012 daAuts
     D:8: 931 daAuts
     D:3: 922 daAuts
     D:2: 892 daAuts
     D:6: 871 daAuts
     D:5: 740 daAuts
   Sewer: 348 daAuts
  Lair:1: 301 daAuts
 Ossuary: 125 daAuts
  Temple: 84 daAuts
 Abyss:2: 18 daAuts
